 Dungeon Crawl Stone Soup version 0.31-a0-177-g4aa6249778 (webtiles) character file.

Game seed: 5318943386549113097

1315 pokeman the Thaumaturge (level 8, 0/66 HPs)
             Began as a Deep Elf Hedge Wizard on June 18, 2023.
             Was an Initiate of Vehumet.
             Succumbed to a water moccasin's poison
             ... on level 5 of the Dungeon.
             The game lasted 00:07:14 (4496 turns).

pokeman the Thaumaturge (Deep Elf Hedge Wizard)     Turns: 4496, Time: 00:07:14

Health: 0/66       AC: 24    Str:  6    XL:     8   Next: 33%
Magic:  18/22      EV:  2    Int: 26    God:    Vehumet [......]
Gold:   407        SH:  0    Dex: 13    Spells: 16/24 levels left

rFire   + + .        s - +4 quarterstaff (chaos)
rCold   + . .        (shield currently unavailable)
rNeg    . . .        B - melded +2 leather armour {rF+}
rPois   +            c - melded +0 hat
rElec   +            t - melded +0 cloak
rCorr   +            (gloves currently unavailable)
SInv    .            (boots currently unavailable)
Will    .....        (no amulet)
Stlth   ++           j - ring of wizardry
HPRegen 0.31/turn    l - ring of protection from fire
MPRegen 0.18/turn

%: wizardry (x1)
@: mighty, brilliant, lethally poisoned (0 -> -3), tree-form, resistant
A: stationary, stasis, torment immunity, boosted hp, clever 1, inability to read
after injury 1, MP-powered wands
a: Renounce Religion


You were on level 5 of the Dungeon.
You worshipped Vehumet.
Vehumet was noncommittal.
You were a tree.
You visited 2 branches of the dungeon, and saw 6 of its levels.
You also visited: Sewer.

You collected 407 gold pieces.

Inventory:

Hand Weapons
 s - a +4 quarterstaff of chaos (weapon)
Armour
 c - a +0 hat (melded)
 t - a +0 cloak (melded)
 B - a +2 leather armour of fire resistance (melded)
Jewellery
 j - a ring of wizardry (left branch)
 l - a ring of protection from fire (right branch)
Wands
 b - a wand of digging (5)
Scrolls
 e - a scroll of enchant weapon {unknown}
 f - a scroll of fog {unknown}
 h - 4 scrolls of identify {unknown}
 k - a scroll of blinking {unknown}
 o - a scroll of enchant armour {unknown}
 q - a scroll of immolation {unknown}
 v - a scroll of teleportation {unknown}
 y - a scroll of brand weapon {unknown}
Potions
 a - a potion of berserk rage
 d - a potion of magic
 i - 2 potions of resistance
 m - a potion of lignification
 n - a potion of mutation
 r - a potion of attraction {unknown}
 u - a potion of degeneration {unknown}
 w - a potion of cancellation {unknown}
 x - a potion of haste {unknown}
 z - a potion of heal wounds {unknown}
 A - a potion of ambrosia {unknown}


   Skills:
 + Level 1.8 Fighting
 - Level 1.0 Armour
 - Level 3.1 Dodging
 - Level 3.2 Stealth
 * Level 8.9 Spellcasting
 + Level 6.4 Conjurations
 + Level 1.1 Summonings
 - Level 1.1 Translocations
 - Level 2.2 Air Magic
 - Level 3.0 Poison Magic
 - Level 1.1 Evocations


You had 16 spell levels left.
You knew the following spells:

 Your Spells              Type           Power      Damage    Failure   Level
a - Magic Dart            Conj           100%       1d8       1%          1
b - Mephitic Cloud        Conj/Pois/Air  48%        N/A       1%          3
c - Call Imp              Summ           52%        N/A       1%          2
d - Blink                 Tloc           52%        N/A       1%          2

Your spell library contained the following spells:

 Spells                   Type           Power      Damage    Failure   Level
 Cigotuvi's Dreadful Rot  Necr/Pois/Air  62%        N/A       1%          2
 Slow                     Hex            68%        N/A       2%          1


Dungeon Overview and Level Annotations

Branches:
Dungeon (5/15)             Temple (1/1) D:4           Sewer (visited)

Altars:
Ashenzari
Fedhas
Trog
Vehumet
Wu Jian
Xom
Zin


Innate Abilities, Weirdness & Mutations

You are a tree.
Your roots penetrate the ground, keeping you stationary.
You cannot be teleported.
You are immune to unholy pain and torment.
Your maximum health is greatly increased.
Your equipment is partially melded.
Your mind is acute. (Int +4, Str/Dex -1)
You occasionally lose the ability to read scrolls when taking damage.
You expend magic power (3 MP) to strengthen your wands.


Message History

Aim: a water moccasin (moderately wounded, 100% to hit)
The magic dart hits the water moccasin.
The water moccasin is moderately wounded.
* * * LOW HITPOINT WARNING * * *
You feel very sick.
The water moccasin bites you but does no damage.
It was a potion of resistance.
You feel protected.
* * * LOW HITPOINT WARNING * * *
You feel very sick. The water moccasin closely misses you.
It was a potion of lignification.
You turn into a tree.
Your +0 cloak melds into your body.
Your +0 hat melds into your body.
Your +2 leather armour of fire resistance melds into your body.
You feel less resistant to fire.
Your roots penetrate the ground.
* * * LOW HITPOINT WARNING * * *
You feel very sick.
The water moccasin bites you but does no damage. x2
It was a potion of mutation.
You feel extremely strange.
You occasionally lose the ability to read scrolls when taking damage.
You feel your magical essence link to the dungeon's wands.
You feel clever.
You feel stable enough to blink again.
* * * LOW HITPOINT WARNING * * *
You feel sick.
The water moccasin bites you but does no damage.
You barely miss the water moccasin.
The water moccasin is moderately wounded.
* * * LOW HITPOINT WARNING * * *
You feel sick.
The water moccasin bites you but does no damage. x2
Unknown command.
It was a potion of might.
You feel very mighty all of a sudden.
* * * LOW HITPOINT WARNING * * *
You feel sick.
The water moccasin bites you but does no damage.
It was a potion of brilliance.
You feel clever all of a sudden.
You die...

## #######.#.#.....###...
.## ##.......###.#.........
#.####..........#.#..#####.#
..<.....#####.#.#.#.........
###..#.## ###.#.##.##.##..
#....# #...##.# # #....#
#######.##.#### #....#
##.....#.......# #....#
#...♣S.#.##.#### #....#
##.####.$......# #....# #.
#..##.#### #....# #. .....
.. # #.##.### ## ## ## ##
### # .


You could see a water moccasin.

Vanquished Creatures
  Pikel (D:4)
  Sigmund (D:2)
  Eustachio (D:5)
  A water moccasin (Sewer)
  2 lemures (D:4)
  2 hounds
  Crazy Yiuf (D:2)
  3 adders
  3 gnolls (D:2)
  A white imp (D:4)
  2 worms
  2 dart slugs
  5 orcs
  5 ball pythons
  5 endoplasms
  6 giant cockroaches (D:3)
  5 goblins
  8 hobgoblins
  2 jackals (D:1)
  3 quokkas
  5 bats
  A frilled lizard (D:1)
  9 kobolds
  5 rats
79 creatures vanquished.

Vanquished Creatures (collateral kills)
  Grinder (D:5)
  A sleepcap (D:4)
2 creatures vanquished.

Grand Total: 81 creatures vanquished

Notes
Turn   | Place    | Note
-------+----------+-------------------------------------------
     0 | D:1      | pokeman the Deep Elf Hedge Wizard began the quest for the
                  | Orb.
     0 | D:1      | Reached XP level 1. HP: 10/10 MP: 7/7
   222 | D:1      | Reached XP level 2. HP: 15/15 MP: 6/9
   769 | D:1      | Reached skill level 5 in Spellcasting
  1062 | D:2      | Reached XP level 3. HP: 20/20 MP: 5/11
  1068 | D:1      | Learned a level 3 spell: Mephitic Cloud
  1071 | D:1      | Learned a level 2 spell: Blink
  1074 | D:1      | Learned a level 2 spell: Call Imp
  1217 | D:2      | Noticed Sigmund
  1319 | D:2      | Reached skill level 1 in Armour
  1351 | D:2      | Reached skill level 1 in Fighting
  1637 | D:2      | Found a runed translucent door.
  1638 | D:2      | Noticed Crazy Yiuf
  1659 | D:2      | Reached XP level 4. HP: 15/25 MP: 6/13
  2021 | D:2      | Killed Sigmund
  2022 | D:2      | Reached skill level 5 in Conjurations
  2022 | D:2      | Reached XP level 5. HP: 29/29 MP: 10/15
  2172 | D:2      | Killed Crazy Yiuf
  2173 | D:2      | Reached XP level 6. HP: 34/34 MP: 8/16
  2262 | D:3      | Found a glowing drain.
  2280 | Sewer    | Entered a sewer
  2325 | Sewer    | Noticed a water moccasin
  2337 | Sewer    | Killed a water moccasin
  2338 | Sewer    | Reached skill level 6 in Spellcasting
  2459 | D:3      | You fall into a shaft and drop 1 floor!
  2930 | D:3      | Found a faded altar of an unknown god.
  3247 | D:4      | Found a staircase to the Ecumenical Temple.
  3256 | Temple   | Entered the Ecumenical Temple
  3273 | Temple   | Became a worshipper of Vehumet
  3742 | D:4      | Noticed Pikel
  3759 | D:4      | Killed Pikel
  3760 | D:4      | Reached skill level 8 in Spellcasting
  3760 | D:4      | Reached XP level 7. HP: 36/38 MP: 14/20
  4274 | D:5      | Entered Level 5 of the Dungeon
  4274 | D:5      | Noticed Grinder
  4279 | D:5      | Paralysed by Grinder for 3 turns
  4289 | D:5      | Paralysed by Grinder for 5 turns
  4298 | D:5      | Killed Grinder
  4299 | D:5      | Reached XP level 8. HP: 14/43 MP: 16/22
  4446 | D:5      | Noticed Eustachio
  4469 | D:5      | Killed Eustachio
  4470 | D:5      | Reached skill level 1 in Evocations
  4493 | D:5      | Gained mutation: You occasionally lose the ability to read
                  | scrolls when taking damage. [potion of mutation]
  4493 | D:5      | Gained mutation: You expend magic power (3 MP) to
                  | strengthen your wands. [potion of mutation]
  4493 | D:5      | Gained mutation: Your mind is acute. (Int +4, Str/Dex -1)
                  | [potion of mutation]
  4493 | D:5      | HP: 3/66 [poisoned by a water moccasin]
  4494 | D:5      | HP: 1/66 [poisoned by a water moccasin]
  4496 | D:5      | Succumbed to a water moccasin's poison

Illustrated notes

Levels and vault maps discovered:
D:1:      mrwooster_arrival_statue_2, layout_rooms
D:2:      layout_loops_ring, uniq_crazy_yiuf_cottage, uniq_sigmund
D:3:      layout_loops_ring, gup_sewer_entry_pipe, ebering_ecumenical_altar_webs
D:4:      layout_basic, temple_fountains, serial_co_window_serial,
          co_window_paths_a, co_window_paths_b, co_window_corner_a,
          co_window_paths_b, co_window_cross_1, co_window_paths_a,
          co_window_corner_a, co_window_of_opportunity_c, co_window_broadway_b,
          co_window_2corner, co_window_4corner_a,
          minmay_fractal_squares_gapless_5, uniq_pikel
D:5:      layout_loops_ring, minitemple, serial_co_window_serial,
          co_window_corner_a, co_window_of_opportunity_a, co_window_paths_b,
          co_window_paths_b, co_window_paths_a, co_window_of_opportunity_a,
          co_window_corner_a, co_window_paths_a, co_window_of_opportunity_a,
          co_window_broadway_b, co_window_unsneaky_path_e, co_window_paths_c,
          co_window_4corner_b, glass_columns_b, glass_columns_b,
          glass_columns_c, chequers_serial_rivers_large_a,
          reono_crystal_passage, uniq_duvessa, uniq_grinder, uniq_eustachio
Temple:   eino_temple_water

Skill      XL: |  1  2  3  4  5  6  7  8 |
---------------+-------------------------+-----
Spellcasting   | 5 8 |  8.9
Armour         | 1 |  1.0
Fighting       | 1 |  1.8
Conjurations   | 2 5 6 |  6.4
Dodging        | 3 |  3.1
Stealth        | 3 |  3.2
Air Magic      | 2 |  2.2
Poison Magic   | 2 3 |  3.0
Evocations     | 1 |  1.1
Summonings     | |  1.1
Translocations | |  1.1

Action                     |  1- 3 |  4- 6 |  7- 9 || total
---------------------------+-------+-------+-------++-------
  Melee: Dagger            |     3 |     6 |       ||     9
         Quarterstaff      |       |    35 |    28 ||    63
   Cast: Magic Dart        |   100 |    76 |    12 ||   188
         Mephitic Cloud    |     1 |     4 |     1 ||     6
         Call Imp          |       |     2 |     3 ||     5
         Blink             |       |       |     1 ||     1
    Use: Potion            |       |       |     5 ||     5
   Stab: Confused          |     1 |     1 |     2 ||     4
         Distracted        |       |       |     1 ||     1
 Armour: Robe              |     2 |     3 |       ||     5
         Skin              |       |       |     6 ||     6
         Leather armour    |       |       |     3 ||     3
  Dodge: Dodged            |     4 |    20 |    14 ||    38

Table legend: (Time is in decaauts)
 A = Elapsed time spent in this place.
 B = Non-inter-level travel time spent in this place.
 C = Inter-level travel time spent in this place.
 D = Time resting spent in this place.
 E = Time spent auto-exploring this place.
 F = Levels seen in this place.
 G = Mean time per level.
                   A        B        C        D        E       F      G
               +--------+--------+--------+--------+--------+-----+--------+
         Total |   4524 |   4363 |    161 |      9 |   3743 |   7 |  646.3 |
       Dungeon |   4335 |   4190 |    145 |      9 |   3624 |   5 |  867.0 |
        Temple |     34 |     18 |     16 |      0 |      6 |   1 |   34.0 |
         Sewer |    153 |    153 |      0 |      0 |    113 |   1 |  153.0 |
               +--------+--------+--------+--------+--------+-----+--------+

Top non-repeatable levels by time:
     D:2: 1155 daAuts
     D:1: 1084 daAuts
     D:4: 1033 daAuts
     D:3: 834 daAuts
     D:5: 228 daAuts
   Sewer: 153 daAuts
  Temple: 34 daAuts
